 Dungeon Crawl Stone Soup version 0.27-a0-1101-ge311f74 (webtiles) character file.

Game seed: 8218904446495229666

47 Nithhogg the Skirmisher (level 3, -2/29 HPs)
             Began as a Demonspawn Fighter on Apr 28, 2021.
             Killed by nerve-wracking pain
             ... invoked by Grinder
              (8 damage)
             ... while paralysed by Grinder
             ... on level 3 of the Dungeon.
             The game lasted 00:02:14 (1585 turns).

Nithhogg the Skirmisher (Demonspawn Fighter)        Turns: 1585, Time: 00:02:14

Health: -2/29      AC:  8    Str: 17    XL:     3   Next: 48%
Magic:  4/4        EV:  2    Int:  9    God:
Gold:   79         SH:  0    Dex: 12    Spells: 2/2 levels left

rFire    . . .     SeeInvis .   a - +0 war axe
rCold    . . .     Faith    .   c - +0 kite shield
rNeg     . . .     Spirit   .   b - +0 scale mail
rPois    .         Reflect  .   (no helmet)
rElec    .         Harm     .   f - +1 cloak
rCorr    .         Rampage  .   (no gloves)
Will     .....                  (no boots)
Stlth    ..........             l - amulet of regeneration
HPRegen  1.09/turn              (no ring)
MPRegen  0.09/turn              (no ring)

@: paralysed
A: spiny 1, demonic magic 1
a: no special abilities


You were on level 3 of the Dungeon.
You visited 1 branch of the dungeon, and saw 3 of its levels.

You collected 79 gold pieces.

Inventory:

Hand Weapons
 a - a +0 war axe (weapon)
Armour
 b - a +0 scale mail (worn)
 c - a +0 kite shield (worn)
 f - a +1 cloak (worn)
Jewellery
 l - an amulet of regeneration (around neck)
 m - an amulet of faith
Wands
 p - a wand of paralysis (7) (quivered)
Scrolls
 h - a scroll of identify {unknown}
 i - 2 scrolls of enchant weapon {unknown}
 j - a scroll of noise {unknown}
 o - a scroll of magic mapping {unknown}
Potions
 d - 2 potions of might
 e - a potion of haste {unknown}
 g - a potion of berserk rage {unknown}
 k - a potion of flight
 n - a potion of mutation {unknown}


   Skills:
 + Level 3.4 Fighting
 + Level 2.3 Axes
 + Level 3.1 Armour
 - Level 2.6 Shields
 + Level 1.9 Invocations


You had 2 spell levels left.
You didn't know any spells.
Your spell library was empty.

Dungeon Overview and Level Annotations

Branches:
Dungeon (3/15)

Altars:

Annotations:
D:3 Grinder


Innate Abilities, Weirdness & Mutations

You are partially covered in sharp spines.
Spells you cast may paralyse adjacent enemies.


Message History

You hit Grinder.
Grinder is lightly wounded.
The helpless Grinder fails to defend herself.
You hit Grinder.
Grinder is lightly wounded.
The helpless Grinder fails to defend herself.
You hit Grinder.
Grinder is lightly wounded.
The helpless Grinder fails to defend herself.
You slash Grinder!
Grinder is heavily wounded.
The helpless Grinder fails to defend herself.
You hit Grinder but do no damage.
Grinder is heavily wounded.
Grinder is no longer paralysed.
Grinder says, "Are you a fish?" You block Grinder's attack.
Grinder hits you but does no damage.
You closely miss Grinder.
Grinder is heavily wounded.
Grinder hits you.
You writhe in agony.
You slash Grinder!
Grinder is severely wounded.
Grinder drinks a potion.
Grinder is healed!
Grinder is struck by your spines. Grinder hits you.
Your shield and scale mail prevent you from hitting Grinder.
Grinder is heavily wounded.
Grinder gestures at you.
You suddenly lose the ability to move!
Grinder is struck by your spines. Grinder hits you. Grinder hits you.
You writhe in agony.
* * * LOW HITPOINT WARNING * * *
Grinder hits you.
* * * LOW HITPOINT WARNING * * *
You writhe in agony.
* * * LOW HITPOINT WARNING * * *
Grinder gestures at you. You resist with significant effort.
Grinder gestures at you. Pain shoots through your body!
You die...

#.
#########..#.
#.......##.#.#
#.......##...#
##.......# #..#
#........#
#.>######
#........#
#.....5.#
#........#
#....@..#
#........#
#.......#
#........#
##'######
#........####.#
#<.......'....#
#....[...######
#.######## #.#
#.###


You could see Grinder.

Vanquished Creatures
  An adder (D:2)
  A worm (D:3)
  A dart slug (D:1)
  5 endoplasms
  A giant cockroach (D:1)
  6 goblins
  4 hobgoblins
  2 jackals (D:1)
  A kobold (D:1)
  A ball python (D:1)
  4 frilled lizards
  4 rats (D:1)
31 creatures vanquished.

Notes
Turn   | Place    | Note
-------+----------+-------------------------------------------
     0 | D:1      | Nithhogg the Demonspawn Fighter began the quest for the
                  | Orb.
     0 | D:1      | Reached XP level 1. HP: 18/18 MP: 1/1
    26 | D:1      | Found a faded altar of an unknown god.
   276 | D:1      | Gained mutation: Spells you cast may paralyse adjacent
                  | enemies. [demonic ancestry]
   276 | D:1      | Reached XP level 2. HP: 24/24 MP: 2/2
   278 | D:1      | Reached skill level 1 in Invocations
   770 | D:2      | Gained mutation: You are partially covered in sharp spines.
                  | [demonic ancestry]
   770 | D:2      | Reached XP level 3. HP: 20/29 MP: 4/4
  1565 | D:3      | Noticed Grinder
  1565 | D:3      | Paralysed by Grinder for 3 turns
  1581 | D:3      | Paralysed by Grinder for 5 turns
  1585 | D:3      | Killed from afar by Grinder

Illustrated notes

Levels and vault maps discovered:
D:1:      psy_arrival_wood_between_worlds, layout_rooms,
          ebering_ecumenical_altar_petrified
D:2:      mumra_celtic_spiral_tile, layout_rooms
D:3:      layout_basic, serial_shops, nicolae_shop_waterfront, uniq_robin,
          uniq_grinder, uniq_jessica

Skill      XL: |  1  2 |
---------------+-------+-----
Axes           | 2 |  2.3
Invocations    | 1 |  1.9
Armour         | 3 |  3.1
Fighting       | |  3.4
Shields        | |  2.6

Action                   || total
-------------------------++-------
Melee: War axe           ||    85
Evoke: Wand              ||     2
  Use: Potion            ||     2
 Stab: Paralysed         ||     5
Armor: Scale mail        ||    41
Dodge: Dodged            ||    12
Block: Kite shield       ||    37

Table legend: (Time is in decaauts)
 A = Elapsed time spent in this place.
 B = Non-inter-level travel time spent in this place.
 C = Inter-level travel time spent in this place.
 D = Time resting spent in this place.
 E = Time spent auto-exploring this place.
 F = Levels seen in this place.
 G = Mean time per level.
                   A        B        C        D        E       F      G
               +--------+--------+--------+--------+--------+-----+--------+
         Total |   1639 |   1561 |     78 |      0 |   1283 |   3 |  546.3 |
       Dungeon |   1639 |   1561 |     78 |      0 |   1283 |   3 |  546.3 |
               +--------+--------+--------+--------+--------+-----+--------+

Top non-repeatable levels by time:
     D:1: 746 daAuts
     D:2: 731 daAuts
     D:3: 162 daAuts
